 Dungeon Crawl Stone Soup version 0.19.1 (webtiles) character file.

284 Ladykiller69 the Shield-Bearer (level 6, -2/49 HPs)
             Began as a Formicid Fighter on Nov 25, 2016.
             Was a Follower of Cheibriados.
             Slain by a wight
             ... wielding a +0 halberd
              (3 damage)
             ... in an ossuary.
             The game lasted 00:06:18 (2668 turns).

Ladykiller69 the Shield-Bearer (Formicid Fighter)   Turns: 2668, Time: 00:06:19

Health: -2/49      AC: 10    Str: 29    XL:     6   Next: 54%
Magic:  6/6        EV:  7    Int: 12    God:    Cheibriados [*.....]
Gold:   279        SH: 11    Dex: 13    Spells: 0 memorised, 5 levels left

rFire  . . .     SeeInvis +     a - +0 war axe
rCold  . . .     Gourm    .     x - +0 chain mail
rNeg   . . .     Faith    .     c - +0 shield
rPois  .         Spirit   .     (helmet unavailable)
rElec  .         Reflect  .     (no cloak)
rCorr  .         Harm     .     (no gloves)
MR     .....                    u - +0 pair of boots
Stlth  ..........               (no amulet)
                                (no ring)
                                (no ring)

@: mighty, drained, very slow
A: permanent stasis, dig shafts and tunnels, four strong arms, antennae 3
a: Dig, Shaft Self, Bend Time, Renounce Religion


You were in an ossuary.
You worshipped Cheibriados.
Cheibriados was aware of your devotion.
You were hungry.

You visited 1 branch of the dungeon, and saw 5 of its levels.
You also visited: Ossuary.

You collected 279 gold pieces.

Inventory:

Hand Weapons
 a - a +0 war axe (weapon)
Missiles
 e - 191 stones (quivered)
Armour
 b - a +0 scale mail
 c - a +0 shield (worn)
 u - a +0 pair of boots (worn)
 x - a +0 chain mail (worn)
Wands
 y - a wand of random effects (28/48)
Scrolls
 h - a scroll of noise
 k - a scroll of teleportation {unknown}
 l - a scroll of amnesia {unknown}
 o - 4 scrolls of identify {unknown}
 q - a scroll of enchant armour {unknown}
 r - 2 scrolls of fog {unknown}
 w - a scroll of magic mapping {unknown}
Potions
 i - a potion of flight {unknown}
 m - 4 potions of curing {unknown}
 n - a potion of heal wounds {unknown}
 p - 2 potions of cure mutation {unknown}
 s - a potion of mutation {unknown}
 A - a potion of agility {unknown}
 B - 2 potions of invisibility {unknown}
 C - a potion of degeneration {unknown}
Books
 v - a book of Minor Magic

   Spells                             Type                      Level
   a - Magic Dart                     Conjuration                  1
   b - Blink                          Translocation                2
   c - Call Imp                       Summoning                    2
   d - Repel Missiles                 Charms/Air                   2
   e - Slow                           Hexes                        2
   f - Conjure Flame                  Conjuration/Fire             3
   g - Mephitic Cloud                 Conjuration/Poison/Air       3
Comestibles
 f - 5 bread rations
 g - a beef jerky
 j - 5 meat rations
 t - 3 fruits


   Skills:
 + Level 4.7(4.3) Fighting
 * Level 4.1(3.7) Axes
 - Level 4.0(3.6) Armour
 + Level 5.2(4.8) Shields


You had 5 spell levels left.
You didn't know any spells.

Dungeon Overview and Level Annotations

Branches:
Dungeon (4/15)
 Temple: D:4-7

Altars:
Cheibriados
Fedhas
Kikubaaqudgha
Nemelex Xobeh
Ru
Sif Muna
Zin

Annotations:
D:4 truemonolith's ghost, amateur FoFi


Innate Abilities, Weirdness & Mutations

You are under a permanent stasis effect.
You can dig through walls and to a lower floor.
Your four strong arms can wield two-handed weapons with a shield.
You have a pair of large antennae on your head. (SInv)


Message History

There is an open door, spattered with blood here.
You are too injured to fight recklessly!
You are too injured to fight recklessly!
As you read the scroll labeled FEAT YKOOSAK, it crumbles to dust.
You hear a loud clanging noise!
It was a scroll of noise.
The wight completely misses you.
Something unseen opens the door.
You block the wight's attack.
You feel very mighty all of a sudden. The wight completely misses you.
A wight comes into view. It is wielding a spear.
Your shield and chain mail prevent you from hitting the wight.
The wight is lightly damaged.
You block the wight's attack. x2
You slash the wight!
The wight is heavily damaged.
You block the wight's attack.
The wight hits you from afar with a halberd!
* * * LOW HITPOINT WARNING * * *
You feel drained.
You die...

#............#.###....
#..........###...#...
##.......#.# ######..
##.....#### ###
##...## # ###'###
#.'.'.# ###.###
#.@.'.# ###z###
#z'z'.# ###.### {+.'
#.# +.+ #.# #+#


You could see 2 wights.

Vanquished Creatures
  An elf zombie (D:6)
  2 iguanas (D:4)
  3 gnolls (D:4)
  4 adders
  2 oozes (D:3)
  An adder zombie (Ossuary)
  2 worms
  2 dart slugs
  4 leopard geckos
  6 orcs (D:3)
  9 giant cockroaches
  9 hobgoblins
  3 jackals (D:2)
  2 quokkas
  2 ball pythons
  A ball python skeleton (Ossuary)
  5 bats
  A frilled lizard (D:1)
  6 goblins
  6 kobolds
  A kobold zombie (Ossuary)
  2 orc skeletons (D:6)
  4 rats
78 creatures vanquished.

Notes
Turn   | Place    | Note
-------+----------+-------------------------------------------
     0 | D:1      | Ladykiller69 the Formicid Fighter began the quest for the Orb.
     0 | D:1      | Reached XP level 1. HP: 18/18 MP: 1/1
   101 | D:1      | Reached XP level 2. HP: 19/24 MP: 2/2
   133 | D:1      | Reached skill level 4 in Shields
   345 | D:1      | Reached XP level 3. HP: 29/29 MP: 3/3
   922 | D:2      | Found a glowing silver altar of Zin.
   941 | D:2      | Found a deep blue altar of Sif Muna.
   996 | D:2      | Found a snail-covered altar of Cheibriados.
  1001 | D:2      | Became a worshipper of Cheibriados the Contemplative
  1033 | D:2      | Found a sparkling altar of Nemelex Xobeh.
  1082 | D:2      | Reached XP level 4. HP: 37/37 MP: 4/4
  1474 | D:3      | Found an ancient bone altar of Kikubaaqudgha.
  1682 | D:3      | Reached XP level 5. HP: 36/42 MP: 5/5
  1685 | D:3      | Reached * piety under Cheibriados
  2083 | D:4      | Found a sacrificial altar of Ru.
  2126 | D:4      | Found a blossoming altar of Fedhas.
  2142 | D:4      | Reached skill level 5 in Shields
  2229 | D:4      | Reached XP level 6. HP: 49/49 MP: 6/6
  2355 | D:4      | Noticed truemonolith's ghost (amateur FoFi)
  2370 | D:4      | You fall through a shaft for 2 floors!
  2570 | D:6      | Found a sand-covered staircase.
  2582 | Ossuary  | Entered an ossuary
  2668 | Ossuary  | HP: 1/49 [wight/halberd (13)]
  2668 | Ossuary  | Slain by a wight

Skill      XL: |  1  2  3  4  5  6 |
---------------+-------------------+-----
Shields        | 4 5 |  5.2
Armour         | 4 |  4.0
Fighting       | 4 |  4.7
Axes           | 3 4 |  4.1

Action                   |  1- 3 |  4- 6 || total
-------------------------+-------+-------++-------
Melee: War axe           |   119 |   164 ||   283
 Abil: Dig               |       |     1 ||     1
       Shaft Self        |       |     1 ||     1
  Use: Scroll            |       |     1 ||     1
       Potion            |       |     1 ||     1
  Eat: Chunk             |     1 |     4 ||     5
Armor: Scale mail        |    62 |    25 ||    87
       Chain mail        |       |    37 ||    37
Dodge: Dodged            |    57 |    44 ||   101
Block: Shield            |    73 |    82 ||   155
